AoeStats
← FC_M@sTer

Nomad

510049954Analyzed
2v2 RM · 4d ago on Sep 29, 2026· 39m 26s· 4 players
Game mode
Random Map
Map size
176×176
Population
200
Speed
Normal
Resources
Standard
Victory
Conquest
Starting age
Dark Age
Ending age
Imperial Age
RankedLock teamsTeams togetherTeam positionsShared explorationLock speedFull tech treeHidden civsTurbo modeCheats
Victory
Defeat
🇸🇰 Byzantines · Slovakia
1268
+17
🇬🇧 Persians · United Kingdom
1254
+17
🇨🇴 Wei · Colombia
1412
-22
🇨🇴 Malay · Colombia
1158
-12
RandyPanda
10:05 Loom
12:28 Feudal Age
12:57 Double-Bit Axe
13:22 Gold Mining
20:30 Castle Age
18:16 Horse Collar
19:38 Town Watch
19:54 Fishing Lines
20:50 Gillnets
24:38 Scale Barding Armor
24:46 Bloodlines
24:37 Husbandry
28:08 Gold Shaft Mining
29:24 Chain Barding Armor
35:36 Imperial Age
33:45 Wheelbarrow
33:18 Stone Mining
34:20 Fletching
35:53 Hand Cart
36:36 Plate Barding Armor
35:36 Cavalier
36:51 Bodkin Arrow
37:30 Conscription
39:42 Chemistry
D00ter
4:28 Loom
13:04 Feudal Age
13:39 Double-Bit Axe
19:16 Castle Age
18:25 Stone Mining
18:41 Horse Collar
22:45 Bow Saw
25:25 Scale Mail Armor
25:35 Forging
25:52 Gold Mining
27:31 Chain Mail Armor
30:05 Arson
30:25 Gambesons
33:46 Heavy Plow
34:12 Squires
35:54 Iron Casting
38:11 Ballistics
42:09 Imperial Age
40:18 Wheelbarrow
FC_Satuplese
4:11 Loom
14:25 Feudal Age
15:02 Double-Bit Axe
15:46 Fishing Lines
17:13 Town Watch
21:01 Wheelbarrow
22:33 Castle Age
20:28 Stone Mining
23:32 Bow Saw
25:59 Forging
25:44 Horse Collar
27:47 Hand Cart
29:35 Town Patrol
29:34 Gold Mining
31:02 Pikeman
31:42 Squires
37:22 Imperial Age
37:19 Conscription
36:45 Halberdier
37:57 Guilds
FC_M@sTer
4:41 Loom
13:29 Feudal Age
18:35 Castle Age
16:53 Double-Bit Axe
18:11 Stone Mining
18:25 Horse Collar
19:14 Bloodlines
19:01 Town Watch
19:29 Bow Saw
31:39 Murder Holes
Connection lost

Rejoining the realm…

Still unreachable

The connection could not be restored.

Session expired

The server has moved on; the page needs a fresh start.